[Event "Pervenstvo PFO 2023_Y19_Rapid"]
[Site "Samara region, Russia"]
[Date "2023.11.11"]
[Round "6.4"]
[White "Kunakkuzin, Rinat"]
[Black "Ivanov, Matvei"]
[Result "0-1"]
[TimeControl "10:5"]
[WhiteFideId "54126584"]
[BlackFideId "54131987"]
[WhiteElo "1925"]
[BlackElo "1918"]

1. d4 Nf6 2. g3 g6 3.
Bg2 d5 4. Nf3 Bg7 5. O-O O-O 6. c4 c6 7. b3 dxc4 8. bxc4 c5 9. e3 Qc7 10. Ne5 Nbd7 11. Nxd7 Bxd7 12. Na3 cxd4 13. exd4 Bf5 14. Bf4 Qd7 15.
Rc1 Rfd8 16. d5 Nh5 17. Be3 Bb2 18. Nb5 Bxc1 19. Qxc1 a6 20. Nd4 Bh3 21. Bg5 Bxg2 22. Kxg2 b5 23. Nc6 Re8 24. Re1 e6 25. cxb5 Qxd5+ 26. Kg1 f6 27. Bh6 Qxb5 28. g4 Ng7 29.
Nd4 Qd7 30. Rd1 Rad8 31. Rd2 g5 32. Bxg7 Rc8 33. Qa3 Qxg7 34. Qxa6 Qf7 35. Re2 Rb8 36. Rxe6 Rxe6 37. Nxe6 Rb1+ 38.
Kg2 Qb7+ 39. Qxb7 Rxb7 40. Nd4 Ra7 41. Nf5 Rxa2 42. h3 Kf7 43. Ng3 Ke6 44.
Nf5 Ke5 45. Kf3 Ra3+ 46. Kg2 Rc3 47. Ng3 Ra3 48. Nf5 h5 49. Ng7 hxg4 50. hxg4 Ra7 51. Nf5 Kf4 52. Ne3 Rd7 53. Kg1 Kf3 54.
Kf1 Ra7 55. Kg1 Ra1+ 56. Kh2 Kxf2 57. Nd5 Ra6 58. Kh3 Kf3 59. Nc7 Ra1 0-1

[Event "Pervenstvo PFO 2023_Y19_Rapid"]
[Site "Samara region, Russia"]
[Date "2023.11.11"]
[Round "6.5"]
[White "Siyalov, Mikhail"]
[Black "Babkov, Timofey"]
[Result "1/2-1/2"]
[TimeControl "10:5"]
[WhiteFideId "24276359"]
[BlackFideId "54135931"]
[WhiteElo "1691"]
[BlackElo "1855"]

1. e4 c5 2. Nf3 e6 3. d4 cxd4 4. Nxd4 a6 5. c4 Nf6 6.
Nc3 Qc7 7. Be3 Bb4 8. f3 d5 9.
exd5 exd5 10. Qb3 Bxc3+ 11. Qxc3 O-O 12. cxd5 Qxc3+ 13. bxc3 Nxd5 14. Bd2 Re8+ 15. Kf2 Nc6 16. Nxc6 bxc6 17.
Bc4 Bf5 18. Rhe1 Kf8 19. Rxe8+ Rxe8 20. Bxa6 Rb8 21. Kg3 Rb2 22. Bc1 Rc2 23. c4 Nb6 24. Ba3+ Ke8 25. Bc1 Nxc4 26. Bxc4 Rxc4 27. a4 Bc8 28. Be3 Ba6 29. Rc1 Rxc1 30. Bxc1 Ke7 31. Kf4 Kd6 32. Ke4 f6 33. Ba3+ c5 34. g3 Bb7+ 35. Ke3 Kd5 36. Kd3 Ba6+ 37. Kc3 Be2 38. f4 f5 39.
Kd2 Ba6 40. Kc3 g6 41. a5 h5 42. h4 Kc6 43. Bc1 Kb5 44. Be3 Kc6 45. Bf2 Kd5 46. Bg1 c4 47. Bd4 Ke4 48. Bf6 Kf3 49. Kd4 Kxg3 50. Bg5 Kf3 51. Kc3 Ke4 52. Bh6 Kd5 53. Bg5 Kc5 54. Bh6 Kb5 55. Bg5 Kxa5 56. Bh6 Kb5 57.
Bg5 Kc6 58. Bh6 Kd5 59. Bg5 Ke4 60. Bh6 Kf3 61.
Bg5 Kg4 62. Kd4 Kg3 63. Kc3 Kh3 64.
Bf6 Kg4 65. Bg5 Kg3 66. Kd4 Kf3 67. Kc3 Ke2 68. Bf6 Ke3 69. Bg5 Ke4 70. Bh6 Ke5 1/2-1/2

[Event "Pervenstvo PFO 2023_Y19_Rapid"]
[Site "Samara region, Russia"]
[Date "2023.11.11"]
[Round "6.6"]
[White "Kurulev, Egor"]
[Black "Sadykov, Ilgiz A."]
[Result "0-1"]
[TimeControl "10:5"]
[WhiteFideId "34187097"]
[BlackFideId "34286217"]
[WhiteElo "1332"]
[BlackElo "1675"]

1. e4 c6 2. Nf3 d5 3.
Nc3 Bg4 4. h3 Bxf3 5. Qxf3 e6 6. d4 Nf6 7. Bg5 Be7 8.
e5 Nfd7 9. Bxe7 Qxe7 10. Bd3 O-O 11. O-O c5 12. Rfe1 cxd4 13.
Nb5 Nc6 14. Qf4 f6 15. Nxd4 Nxd4 16. Qxd4 fxe5 17. Qg4 e4 18. Bb5 Ne5 19. Qg3 Rf5 20. f4 Ng6 21. Be2 Raf8 22. Rf1 Nxf4 23.
Bg4 R5f6 24. Qe3 h5 25. Be2 e5 26.
c4 Rg6 27. g4 d4 28. Qxe4 Rgf6 29. Kh2 Qd6 30. Bf3 Ne6 31. gxh5 Kh8 32. Bg2 Ng5 33. Qg4 e4+ 34. Kh1 Qe5 35. Rae1 Rf4 36. Rxf4 Rxf4 37.
Qd7 Rf2 38. Qxb7 e3 39. h4 Ne6 40. Qa8+ Rf8 41. Qe4 Qg3 42. Rg1 Rf4 43. Qa8+ Nf8 44. Rd1 Rxh4+ 45. Kg1 Qf2# 0-1

[Event "Pervenstvo PFO 2023_Y19_Rapid"]
[Site "Samara region, Russia"]
[Date "2023.11.11"]
[Round "6.7"]
[White "Berezin, Zachar"]
[Black "Kononenko, Nikita"]
[Result "1-0"]
[TimeControl "10:5"]
[WhiteFideId "44139322"]
[BlackFideId "54175682"]
[WhiteElo "1658"]
[BlackElo "1774"]

1. d4 Nf6 2. Nf3 d5 3. Bg5 Ne4 4. Bf4 g6 5. Nbd2 Bg7 6. e3 Nxd2 7. Qxd2 O-O 8. Bd3 c5 9.
c3 Nc6 10. O-O Re8 11. Ne5 f6 12. Nxc6 bxc6 13. Bg3 e5 14. dxc5 a5 15. a4 Qe7 16. b4 f5 17. Ra2 g5 18.
f3 Be6 19. Ra3 Ra7 20. e4 f4 21. Bf2 d4 22. cxd4 exd4 23. Rc1 Rc8 24. Bc4 axb4 25. Qxb4 Rd8 26. Rd3 Rda8 27. Ra1 Bxc4 28. Qxc4+ Qf7 29. Qc2 Qd7 30. Kf1 Kh8 31.
Qd2 Rxa4 32. Rxa4 Rxa4 33. Qc2 Ra1+ 34. Rd1 Qa7 35. Rxa1 Qxa1+ 36. Ke2 Qa6+ 37. Qd3 Qa2+ 38. Kf1 Qa4 39. Ke2 Bf6 40. Kf1 Kg7 41. Ke2 Kf7 42. h3 Ke6 43. Kf1 Be5 44. Ke2 Kd7 45.
Kf1 Qb5 46. Ke2 Qxc5 47. Qb1 Qc4+ 48. Ke1 Qc3+ 49. Kf1 d3 50. Qb7+ Ke6 51. Qc8+ Kf7 52. Qd7+ Kg6 53. Qf5+ Kh6 54.
h4 Qa1+ 55. Be1 gxh4 56. Qf8+ Kg6 57. Qf5+ Kg7 58. Qd7+ Kf8 59. Qd8+ Kf7 60. Qd7+ Kg6 61. Qf5+ Kh6 62. Qf8+ Bg7 63.
Qxf4+ Kg6 64. Qf5+ Kh6 65. f4 Qf6 66. Qg4 c5 67. f5 Qg5 68. Bd2 Qxd2 69.
Qxh4# 1-0

[Event "Pervenstvo PFO 2023_Y19_Rapid"]
[Site "Samara region, Russia"]
[Date "2023.11.11"]
[Round "6.8"]
[White "Evtukhov, Lev"]
[Black "Gimazetdinov, Amir"]
[Result "1/2-1/2"]
[TimeControl "10:5"]
[WhiteFideId "44173210"]
[BlackFideId "54142440"]
[WhiteElo "1923"]
[BlackElo "1749"]

1. d4 d5 2. c4 dxc4 3. e3 Nf6 4. Bxc4 e6 5. Nf3 c5 6. O-O a6 7. a4 Nc6 8.
Nc3 b6 9. b3 Bb7 10. Bb2 cxd4 11. exd4 Nb4 12. Rc1 Be7 13. Re1 O-O 14. Ne5 Nbd5 15. Nxd5 Nxd5 16. Qg4 Bf6 17. Rcd1 g6 18. g3 Bg7 19. h4 h5 20. Qh3 Qd6 21. Qf1 Rfd8 22. Qe2 a5 23. Bb5 Rac8 24. Nc4 Qe7 25. Qd2 Qf6 26. Ne5 Qf5 27. Bd3 Qf6 28. Rc1 Kh7 29. Qg5 Qxg5 30. hxg5 Bxe5 31. Rxe5 Rxc1+ 32. Bxc1 Nb4 33. Be2 Bd5 34. Re3 Rc8 35. Bd2 Nc2 36. Rc3 Rxc3 37. Bxc3 Bxb3 38. Bb5 Na3 39. Be8 Kg7 40. Bd2 Bd5 41. Bc1 Nc4 42. Bf4 Kf8 43. Bb5 Ke7 44. Bc7 Kd8 45. Bxd8 1/2-1/2

[Event "Pervenstvo PFO 2023_Y19_Rapid"]
[Site "Samara region, Russia"]
[Date "2023.11.11"]
[Round "6.9"]
[White "Panteleev, Zakhar"]
[Black "Pukhov, Ivan"]
[Result "0-1"]
[TimeControl "10:5"]
[WhiteFideId "34483977"]
[BlackFideId "34301895"]
[WhiteElo "1556"]
[BlackElo "1955"]

1. Nf3 Nf6 2. e3 g6 3. b3 Bg7 4.
Bb2 O-O 5. Be2 c5 6. O-O d5 7. d4 cxd4 8.
Nxd4 Nc6 9. Nxc6 bxc6 10. Nd2 Qd6 11. c4 Ng4 12. Bxg4 Bxb2 13. Rb1 Be5 14. h3 Bg7 15. Bf3 Bb7 16.
Qc2 Rac8 17. Rfd1 e6 18. b4 Qe7 19. a3 Be5 20. Nb3 Bb8 21. Nc5 Ba8 22. Qe2 Bd6 23. Nb3 Bc7 24. e4 Qd6 25.
g3 Rfe8 26. Rbc1 h5 27. c5 Qd8 28. e5 Qg5 29. Re1 h4 30. g4 f6 31. exf6 Qxf6 32. Bg2 Rcd8 33. Qd3 e5 34. Rcd1 e4 35.
Qd4 Be5 36. Qd2 Bc3 37. Qh6 Bxe1 38. Rxe1 Rf8 39. Re2 Bb7 40. g5 Qg7 41. Qxh4 Ba6 42. Rd2 Bd3 43. Nc1 Bc4 44. Ne2 Bxe2 45. Rxe2 Qa1+ 46. Kh2 Qe5+ 47. Kg1 Rd7 48. Qg4 Rdf7 49. h4 Rf4 50. Qd7 Rxh4 51. Qxc6 Qxg5 52. Qe6+ Kg7 53. Re3 Rg4 54.
Rg3 Rxg3 55. fxg3 Qc1+ 56. Kh2 Rh8+ 57. Bh3 Qd2+ 58. Kg1 Qe3+ 59. Kg2 Qf3+ 60. Kh2 Qf2+ 61. Kh1 Qxg3 0-1

[Event "Pervenstvo PFO 2023_Y19_Rapid"]
[Site "Samara region, Russia"]
[Date "2023.11.11"]
[Round "6.10"]
[White "Rekonchishek, Egor"]
[Black "Ermakov, Maxim"]
[Result "0-1"]
[TimeControl "10:5"]
[WhiteFideId "34221476"]
[BlackFideId "54174996"]
[WhiteElo "1569"]
[BlackElo "1766"]

1. d4 Nf6 2. Nf3 c5 3. c3 cxd4 4. cxd4 d6 5. Nc3 g6 6. Bf4 Bg7 7. e3 O-O 8. h3 Qb6 9. Qd2 Nc6 10.
Be2 Re8 11. Bh2 e5 12. d5 Nb8 13. e4 Nbd7 14. O-O Nc5 15. Qc2 Bd7 16. Nd2 Rac8 17. Kh1 Nfxe4 18. Ndxe4 Nxe4 19. Qxe4 Qxb2 20. Rab1 Qxc3 21. Rxb7 Bf5 22.
Qa4 a5 23. Rb3 Qc5 24. Rb5 Qc2 25.
Bd1 Qxa4 26. Bxa4 Bd3 27. Rbb1 Bxf1 28. Bxe8 Bxg2+ 29. Kxg2 Rxe8 30. Rb6 Bf8 31. Ra6 Rc8 32. Rxa5 Rc2 33. Bg3 g5 34. h4 h6 35. hxg5 hxg5 36. a4 Rd2 37. Kf3 f5 38. Ke3 Rd1 39. Ke2 Rd4 40. f3 g4 41. Bf2 gxf3+ 42. Kxf3 Rd3+ 43. Ke2 e4 44. Rb5 f4 45. Bh4 f3+ 46. Ke1 e3 47. a5 Bg7 48. Rb1 Bc3+ 49. Kf1 e2+ 50. Kf2 e1=Q+ 51. Rxe1 Bxe1+ 52. Kxe1 Ra3 53. Bd8 Kf7 54. Kf1 Kg6 55. Bc7 Kf5 56. Kf2 Ke4 57. Bxd6 Ra2+ 58. Kf1 Rxa5 59. Bb4 Rxd5 60. Be1 Rd1 61. Kf2 Rxe1 62. Kxe1 Ke3 63. Kf1 f2 64. Kg2 Ke2 0-1

[ePGN "0.1;DGT LiveChess/2.2.5"]

[Event "Pervenstvo PFO 2023_Y19_Rapid"]
[Site "Samara region, Russia"]
[Date "2023.11.11"]
[Round "7.1"]
[White "Lydin, Vladislav"]
[Black "Konstantinov, Nikita"]
[Result "0-1"]
[TimeControl "10:5"]
[WhiteFideId "44195990"]
[BlackFideId "44165250"]
[WhiteElo "2005"]
[BlackElo "2074"]

1. Nf3 d5 2. g3 Nf6 3. Bg2 e6 4. O-O Be7 5. c4 O-O 6. b3 b6 7. Bb2 Bb7 8. d3 Nbd7 9. Nbd2 c5 10. e3 Qc7 11.
Qe2 Rac8 12. Rac1 Qb8 13. Rfd1 Rfd8 14. cxd5 Nxd5 15. a3 Bf6 16. Nc4 Ne7 17. d4 cxd4 18. Bxd4 Bxf3 19. Bxf3 Bxd4 20.
Rxd4 b5 21. Rcd1 bxc4 22. Rxd7 Rxd7 23. Rxd7 c3 24. Rxe7 c2 25. Re8+ Rxe8 26. Qxc2 Rc8 27. Qd3 Rc1+ 28. Kg2 g6 29. h4 h5 30. b4 Qc7 31. Qd4 Rc3 32. g4 Rc4 33. Qd3 hxg4 34. Be2 Rc3 35. Qd4 Rxa3 36. Qxg4 Qe5 37. Bf3 Ra2 38.
Qc4 Qb2 39. Qf1 Qxb4 40. h5 gxh5 41.
Qd3 Qd2 42. Qf1 Qxe3 43. Ba8 Qg5+ 44. Kh2 Ra4 45. Bg2 Rh4+ 46. Bh3 Qg4 0-1

[Event "Pervenstvo PFO 2023_Y19_Rapid"]
[Site "Samara region, Russia"]
[Date "2023.11.11"]
[Round "7.2"]
[White "Galyaviev, Samat"]
[Black "Ivanov, Matvei"]
[Result "1/2-1/2"]
[TimeControl "10:5"]
[WhiteFideId "44168470"]
[BlackFideId "54131987"]
[WhiteElo "2030"]
[BlackElo "1918"]

1. d4 Nf6 2. Nf3 c5 3. d5 b5 4. Bg5 Qb6 5. a4 b4 6. e3 a5 7. Bb5 Bb7 8. c4 g6 9.
Nbd2 Bg7 10. e4 h6 11. Bxf6 exf6 12. O-O O-O 13. Re1 d6 14. Nf1 Bc8 15. h4 h5 16. N3h2 f5 17. exf5 Bxf5 18.
Ne3 Bc8 19. Kh1 Qd8 20. g3 Bxb2 21. Ra2 Bc3 22. f4 Bxe1 23. Qxe1 f5 24. Nf3 Ra7 25. Ng5 Re7 26. Re2 Rf6 27. Ng4 Rxe2 28. Nxf6+ Qxf6 29. Qxe2 Bd7 30. Bxd7 Nxd7 31. Qe8+ Nf8 32. Ne6 b3 33. Nxf8 Qxf8 34. Qxg6+ Qg7 35. Qe8+ Kh7 36. Qxh5+ Kg8 37. Qe8+ Kh7 1/2-1/2

[Event "Pervenstvo PFO 2023_Y19_Rapid"]
[Site "Samara region, Russia"]
[Date "2023.11.11"]
[Round "7.3"]
[White "Mochalov, Dmitriy"]
[Black "Azizyan, Levon"]
[Result "1-0"]
[TimeControl "10:5"]
[WhiteFideId "44179634"]
[BlackFideId "44151888"]
[WhiteElo "2194"]
[BlackElo "1940"]

1. e4 c5 2. Nf3 d6 3.
Bb5+ Bd7 4. Bxd7+ Nxd7 5. O-O Ngf6 6. Re1 g6 7. c3 Bg7 8. d4 O-O 9. e5 dxe5 10. dxe5 Ng4 11. e6 Nde5 12. Nxe5 Qxd1 13. Rxd1 Bxe5 14. h3 Nf6 15. Re1 Bc7 16.
Bh6 Rfd8 17. exf7+ Kxf7 18. Nd2 Rd5 19. Nf3 Ng8 20. Be3 h6 21. c4 Rf5 22. Rad1 Bd6 23. Bd2 g5 24. Bc3 Nf6 25.
Ne5+ Bxe5 26. Bxe5 Rc8 27. g4 1-0

[Event "Pervenstvo PFO 2023_Y19_Rapid"]
[Site "Samara region, Russia"]
[Date "2023.11.11"]
[Round "7.4"]
[White "Sadykov, Ilgiz A."]
[Black "Tarasenko, Iaroslav"]
[Result "1-0"]
[TimeControl "10:5"]
[WhiteFideId "34286217"]
[BlackFideId "44196008"]
[WhiteElo "1675"]
[BlackElo "2080"]

1. d4 Nf6 2. c4 e6 3.
Nf3 b6 4. e3 Bb7 5. Be2 Be7 6. O-O O-O 7.
b3 d5 8. Bb2 Nbd7 9. Nbd2 Rc8 10.
Rc1 c5 11. a3 h6 12. dxc5 Nxc5 13. b4 Nce4 14. Nxe4 Nxe4 15. Qb3 Bf6 16. Rfd1 Qe7 17. Ne5 Rfd8 18. f3 Nd6 19. c5 bxc5 20.
bxc5 Nf5 21. c6 Ba8 22. Bb5 Nd6 23.
a4 Rc7 24. f4 Rb8 25. Ba3 a6 26. Nd7 Rxd7 27. cxd7 axb5 28. Rc8+ Nxc8 29. dxc8=Q+ Rxc8 30. Bxe7
Bxe7 31. axb5 Bc5 32. Kf1 Bb7 33. Rc1 Kf8 34. Rxc5 Rxc5 35. Qb4 1-0

[Event "Pervenstvo PFO 2023_Y19_Rapid"]
[Site "Samara region, Russia"]
[Date "2023.11.11"]
[Round "7.5"]
[White "Pukhov, Ivan"]
[Black "Berezin, Zachar"]
[Result "1-0"]
[TimeControl "10:5"]
[WhiteFideId "34301895"]
[BlackFideId "44139322"]
[WhiteElo "1955"]
[BlackElo "1658"]

1. Nf3 Nf6 2. g3 b5 3.
Bg2 Bb7 4. O-O e6 5. d3 Be7 6.
e4 d6 7.
Nd4 a6 8. e5 Bxg2 9. exf6 Bxf6 10. Nxe6 fxe6 11. Kxg2 O-O 12. c3 Nc6 13. Nd2 d5 14. Qg4 Qd6 15. Nf3 e5 16. Bg5 Rae8 17.
Rae1 Bxg5 18. Qxg5 e4 19. dxe4 dxe4 20. Ng1 Re5 21. Qe3 Ne7 22. Qd4 Qe6 23. f4 exf3+ 24. Nxf3 Re2+ 25. Rxe2 Qxe2+ 26. Rf2 Qe6 27. Qe5 Qd7 28.
Re2 Qd3 29. Qe4 Qxe4 30. Rxe4 Nd5 31. a4 Rd8 32. axb5 axb5 33. Nd4 b4 34. Nc6 Rd6 35. Nxb4 Nxb4 36. Rxb4 Kf7 37. Rb7 Rd7 38. Kf3 Ke6 39. Ke3 Kd6 40. Rb4 c5 41. Rh4 h6 42. Rf4 Rb7 43. Rf2 Re7+ 44. Kd3 Kd5 45. Rf5+ Kd6 46. b3 Rb7 47. Kc4 Rc7 48. Rd5+ Ke6 49. Rxc5 Ra7 50. h4 Rf7 51. b4 Rf3 52. b5 Rxg3 53. h5 Rg4+ 54. Kb3 Kd6 55. Rc6+ Kd7 56. Ra6 Rg5 57. c4 Rxh5 58. Ra7+ Kd6 59. Rxg7 Kc5 60. Rc7+ Kb6 61. Rc6+ Kb7 62. Kb4 Rh1 63. Rg6 Rh4 64. Rg7+ Kb8 65. Kc5 Rh5+ 66. Kb6 Kc8 67. c5 Rg5 68. Rh7 h5 69. c6 Rg8 70. Rxh5 Rf8 71. Rh7 Kb8 72. Ka6 Rc8 73. b6 Rxc6 74. Rh8+ Rc8 75. Rxc8+ Kxc8 76. Ka7 1-0

[Event "Pervenstvo PFO 2023_Y19_Rapid"]
[Site "Samara region, Russia"]
[Date "2023.11.11"]
[Round "7.6"]
[White "Babkov, Timofey"]
[Black "Gimazetdinov, Amir"]
[Result "1/2-1/2"]
[TimeControl "10:5"]
[WhiteFideId "54135931"]
[BlackFideId "54142440"]
[WhiteElo "1855"]
[BlackElo "1749"]

1. e4 c5 2. Nf3 d6 3. d4 cxd4 4. Nxd4 Nf6 5. Nc3 a6 6.
h3 e6 7.
g4 b5 8.
Bg2 Bb7 9. g5 Nfd7 10. Be3 Be7 11.
Qd2 Nc5 12. a3 Nbd7 13. O-O-O Nb6 14. f4 Nc4 15. Qf2 Nxe3 16. Qxe3 Qc7 17. h4 O-O-O 18. f5 Kb8 19. fxe6 fxe6 20. Bh3 e5 21. Ne6 Nxe6 22. Bxe6 Qc5 23. Qxc5 dxc5 24. Rxd8+ Rxd8 25. Rf1 Rf8 26. Rxf8+
Bxf8 27. Nd5 1/2-1/2

[Event "Pervenstvo PFO 2023_Y19_Rapid"]
[Site "Samara region, Russia"]
[Date "2023.11.11"]
[Round "7.7"]
[White "Ermakov, Maxim"]
[Black "Siyalov, Mikhail"]
[Result "1-0"]
[TimeControl "10:5"]
[WhiteFideId "54174996"]
[BlackFideId "24276359"]
[WhiteElo "1766"]
[BlackElo "1691"]

1. d4 Nf6 2. Bg5 d6 3. Bxf6 exf6 4. c4 Be7 5. e3 f5 6. Nc3 c6 7. g3 O-O 8.
Bg2 Bf6 9. Nge2 Na6 10. O-O g6 11. a3 c5 12. dxc5 dxc5 13. Qc2 Nc7 14. Nf4 Be6 15. Nxe6 fxe6 16. Bxb7 Rb8 17. Bg2 Qd6 18. Rab1 Rfd8 19. Rfd1 Qa6 20. Bf1 Kf7 21.
Na4 Qa5 22. Rxd8 Bxd8 23. Rd1 Be7 24. Bg2 Na8 25. Bxa8 Rxa8 26. Qb3 Rd8 27. Kg2 Rxd1 28. Qxd1 Qa6 29. Qb3 Qc6+ 30. Kg1 Qe4 31. Nc3 Qd3 32. Qa2 Qc2 33.
Qb1 Qb3 34. Qa2 Qc2 35. Qb1 Qb3 36. Qa2 Qc2 37. Qb1 Qb3 38. Qa2 Qc2 39. Qb1 Qb3 40.
Qd3 Qxb2 41. Nb5 a6 42. Nc7 Qb7 43. Qd7 Qb1+ 44. Kg2 Qb6 45. Qe8+ Kf6 46. Qh8+ Kf7 47. Qxh7+ Kf6 48. Ne8+ Ke5 49. Qxe7 Qc6+ 50. f3 Kd5 1-0

[Event "Pervenstvo PFO 2023_Y19_Rapid"]
[Site "Samara region, Russia"]
[Date "2023.11.11"]
[Round "7.8"]
[White "Nasyrov, Danil R."]
[Black "Kurulev, Egor"]
[Result "0-1"]
[TimeControl "10:5"]
[WhiteFideId "34290257"]
[BlackFideId "34187097"]
[WhiteElo "1234"]
[BlackElo "1332"]

1. d4 d5 2. c4 e6 3. Nc3
Be7 4. Nf3 Nf6 5. Bg5 h6 6. Bh4 O-O 7. e3 b6 8. cxd5 exd5 9. Be2 Bb7 10. O-O Nbd7 11. Rc1 Rc8 12. Qa4 a5 13. Nb5 c5 14. Na7 Ra8 15. Nc6 Bxc6 16. Qxc6 Rc8 17. Qb5 Ne4 18. Bxe7 Qxe7 19. dxc5 Rxc5 20. Rxc5 Nexc5 21. Nd4 f5 22. Bf3 Qd6 23. Rd1 Ne5 24. Qe2 Nxf3+ 25. Qxf3 Qe5 26. Nc6 Qxb2 27. Qxd5+ Kh7 28. Nd4 Ne4 29. Rf1 Nd2 30. Ne6 Rf6 31. Qd7 Rxe6 32. Qxe6 Nxf1 33. Qxf5+ Kh8 34. Qf8+ Kh7 35. Qf5+ Kh8 36. Kxf1 Qa1+ 37. Ke2 Qxa2+ 38. Kf3 Qb3 39. g4 Qd1+ 40. Kg2 Qd6 41. h4 Qc6+ 42. e4 a4 43. g5 hxg5 44. hxg5 Kg8 45. g6 Qf6 46. Qc8+ Qf8 47. Qc4+ Kh8 48. e5 Qd8 49. Qf4 Qd5+ 50. f3 Kg8 51. e6 Qd8 52. Qf7+ Kh8 53. Qf4 Kg8 54. Qf7+ Kh8 55. Qf4 Kg8 56. Qxa4 Qd2+ 57.
Kg3 Qe1+ 58. Kg4 Qxe6+ 59. Kf4 Qf6+ 60. Ke3 Qxg6 61. Qa8+ Kh7 62. Qb7 Qe6+ 63. Kf2 Kg6 64. Kg3 Kf6 65. Kf2 Qd6 66. Qe4 Qc5+ 67. Kg2 Qg5+ 68. Kf2 b5 69. Qc6+ Kf7 70. Qd7+ Kg6 71. Qe6+ Kh7 72. Qh3+ Kg6 73. Qe6+ Kh5 74. Qg8 Qd2+ 75. Kg3 Qe1+ 76. Kf4 Qh4+ 77. Ke3 Qe7+ 78. Kf2 b4 79. f4 Qc5+ 80. Kf3 Qc3+ 81. Ke4 Qc2+ 82. Ke5 Qe2+ 83. Kf5 Qb5+ 84. Ke4 Qc6+ 85. Kf5 g6+ 86. Ke5 Qc7+ 87. Ke4 Qc6+ 88. Ke3 Kg4 89. Qh8 Qc3+ 90. Qxc3 bxc3 91. Kd3 Kxf4 92. Kxc3 0-1

[Event "Pervenstvo PFO 2023_Y19_Rapid"]
[Site "Samara region, Russia"]
[Date "2023.11.11"]
[Round "7.10"]
[White "Yudin, Danil"]
[Black "Kunakkuzin, Rinat"]
[Result "1-0"]
[TimeControl "10:5"]
[WhiteFideId "44171986"]
[BlackFideId "54126584"]
[WhiteElo "1786"]
[BlackElo "1925"]

1. d4 a6 2. c4 c6 3. Nf3 d5 4. cxd5 cxd5 5. Nc3 Nf6 6. Bf4 Nc6 7. e3 Bg4 8. Bd3 e6 9. O-O Bd6 10. Bg3 O-O 11. Rc1 Rc8 12. Na4 Ne4 13. Bxd6 Qxd6 14. Nc5 Bxf3 15. Qxf3 Nxc5 16. Rxc5 Nb4 17.
Rxc8 Rxc8 18. Bb1 g6 19. a3 Nc6 20. Rc1 Ne7 21. Qd1 Rc6 22. h4 h5 23. Rxc6 Nxc6 24. Bd3 e5 25. dxe5 Qxe5 26. Qb3 b5 27.
Qc2 Qd6 28. Qc3 Ne5 29. Be2 Kh7 30. Qd4 Nc6 31. Qb6 Qf6 32. Bf3 Qe6 33. Qxa6 b4 34. a4 Qd7 35. Qb5 Qc7 36. Qxd5 Ne5 37.
a5 Qc1+ 38. Kh2 Qxb2 39. a6 Qxf2 40. Qe4 Nc6 41. Qf4 Kg7 42. Bxc6 Qa2 43. Qd4+ Kh7 44. a7 1-0

[ePGN "0.1;DGT LiveChess/2.2.5"]

[Event "Pervenstvo PFO 2023_Y19_Rapid"]
[Site "Samara region, Russia"]
[Date "2023.11.11"]
[Round "8.1"]
[White "Konstantinov, Nikita"]
[Black "Mochalov, Dmitriy"]
[Result "1/2-1/2"]
[TimeControl "10:5"]
[WhiteFideId "44165250"]
[BlackFideId "44179634"]
[WhiteElo "2074"]
[BlackElo "2194"]

1. e4 c5 2. Nc3 Nc6 3. g3 g6 4. Bg2 Bg7 5. Nge2 d6 6. O-O Rb8 7. a4 a6 8. f4 e6 9. d3 Nge7 10. Be3 Nd4 11.
Rb1 Nec6 12. Qd2 b5 13. axb5 axb5 14. Nd1 b4 15. Nf2 O-O 16. e5 dxe5 17.
c3 exf4 18. Bxf4 bxc3 19. bxc3 Rxb1 20. Rxb1 Nxe2+ 21. Qxe2 Ne7 22. Be5 Nd5 23. Bxg7
Kxg7 24. c4 Nc3 25. Qe5+ Qf6 26. Qxf6+ Kxf6 27. Rb3 Ne2+ 28. Kf1 Nd4 29. Ne4+ Ke5 30. Rb8 Nc6 31. Ra8 Ne7 32.
Nxc5 Kd4 33. Nd7 Rd8 34. Nb6 Kc5 35. Nxc8 Rxc8 36. Ra7 Kd6 37. Ra6+ Ke5 38. Ra5+ Kd4 39. Ra7 Nf5 40. Rxf7 Kxd3 41. Rxh7 Rxc4 1/2-1/2

[Event "Pervenstvo PFO 2023_Y19_Rapid"]
[Site "Samara region, Russia"]
[Date "2023.11.11"]
[Round "8.2"]
[White "Ivanov, Matvei"]
[Black "Lydin, Vladislav"]
[Result "0-1"]
[TimeControl "10:5"]
[WhiteFideId "54131987"]
[BlackFideId "44195990"]
[WhiteElo "1918"]
[BlackElo "2005"]

1. Nf3 Nf6 2. g3 g6 3. b3 Bg7 4. Bb2 O-O 5. Bg2 d6 6. O-O e5 7. c4 Nbd7 8.
d4 e4 9.
Nfd2 Re8 10. Nc3 e3 11. fxe3 Ng4 12. Nd5 c6 13. h3 Nh6 14. Nf4 Nf5 15. Rf3 Nxe3 16. Qc1 Nf5 17. Rd3 Qb6 18. Nf3 Nxg3 19. Qe1 Nf5 20. e3 Bh6 21. Qf2 Nf6 22.
Nd2 d5 23. cxd5 cxd5 24. Re1 Qd6 25. a4 Bd7 26. Bc3 b5 27.
Qf3 Bxf4 28. Rf1 Bxe3+ 0-1

[Event "Pervenstvo PFO 2023_Y19_Rapid"]
[Site "Samara region, Russia"]
[Date "2023.11.11"]
[Round "8.3"]
[White "Galyaviev, Samat"]
[Black "Sadykov, Ilgiz A."]
[Result "1-0"]
[TimeControl "10:5"]
[WhiteFideId "44168470"]
[BlackFideId "34286217"]
[WhiteElo "2030"]
[BlackElo "1675"]

1. d4 Nf6 2. Nf3 e6 3. Bf4 d5 4. e3 Be7 5. Nbd2 c5 6. c3 Nc6 7. Bd3 O-O 8. Ne5 Nd7 9. Qh5 f5 10. Nxd7 Bxd7 11. g4 g6 12.
Qh6 cxd4 13. exd4 Bf6 14. gxf5 exf5 15. Nf3 Qe7+ 16. Kf1 Qg7 17. Qxg7+ Kxg7 18. h4 h6 19. Rg1 Rae8 20. Re1 Re4 21.
Bxe4 fxe4 22. Ne5 Nxe5 23. Bxe5 Bxe5 24. dxe5 Bh3+ 25. Ke2 Rf4 26. Ke3 Rxh4 27. Kd4 Be6 28. Kc5 Rf4 29. Kd6 Kf7 30.
Rxg6 Kxg6 31. Kxe6 Rxf2 32. Rg1 Kh7 33. Kd6 e3 34. e6 Rf4 35. e7 Re4 36. Kd7 e2 37. e8=Q 1-0

[Event "Pervenstvo PFO 2023_Y19_Rapid"]
[Site "Samara region, Russia"]
[Date "2023.11.11"]
[Round "8.4"]
[White "Ermakov, Maxim"]
[Black "Pukhov, Ivan"]
[Result "1/2-1/2"]
[TimeControl "10:5"]
[WhiteFideId "54174996"]
[BlackFideId "34301895"]
[WhiteElo "1766"]
[BlackElo "1955"]

1. e4 c5 2. c3 d5 3. exd5 Qxd5 4. d4 Nc6 5. Nf3 Nf6 6. Be2 cxd4 7. cxd4 e6 8. O-O Be7 9. Nc3 Qd6 10. Nb5 Qd8 11. Bf4 Nd5 12. Bg3 O-O 13. Rc1 a6 14. Nc3 Nf6 15. Qd2 Nb4 16. Ne5 Nbd5 17. Bf3 Re8 18. Rfd1 Nxc3 19. bxc3 Nd5 20. c4 Bg5 21. Qb2 Bxc1 22.
Rxc1 Ne7 23. Be4 f6 24. Nd3 Nf5 25. Bxf5 exf5 26. d5 b5 27. Qb3 bxc4 28. Qxc4 Bd7 29. Bc7 Bb5 30. Qb3 Qd7 31. d6+ Qf7 32. Qxf7+ Kxf7 33. Nc5 f4 34. h3 g5 35. Rd1 Rac8 36.
a4 Bc6 37. a5 Bb5 38. Nb3 Ba4 39. Rd3 Bxb3 40. Rxb3 Ke6 41. Rb6 Ra8 42. Rb7 Kd7 43. Bb8+ Kc6 44. Rb6+ Kd7 45. Rb7+ Ke6 46. Bc7 h5 47. Rb4 Ra7 48.
h4 Kd7 49. hxg5 fxg5 50. Rc4 Rb7 51. Bb6 Kxd6 52. Rd4+ Kc6 53.
Rc4+ Kd7 54. Rc5 Rg8 55. Rd5+ Ke6 56.
Rc5 Rd7 57. Rc6+ Kf7 58. Bc5 g4 59. Rxa6 Rc8 60. Ba3 Rc3 61. Rd6 Rxd6 62. Bxd6 Rc1+ 63. Kh2 Ra1 64. Bxf4 Rxa5 65. Kg3 Kg6 66. Be3 Ra3 67.
Kh4 Rb3 68. Kg3 Ra3 69. Kh4 Rd3 70. Kg3 Rd1 71. Kf4 Rg1 72. Kg3 Kf5 73. f3 Re1 74.
fxg4+ hxg4 75. Kf2 Rb1 76. Bd4 Rb3 77.
Bc5 g3+ 78. Ke2 Ke4 79. Bd6 Rb2+ 80.
Kf1 Rb3 81. Ke2 Rd3 82. Bc7 Rc3 83.
Bd6 Re3+ 84. Kf1 Kf5 85. Bc7 Rc3 86. Bd6 Ke4 87. Ke2 Re3+ 88.
Kf1 Kd5 89. Bf4 Rb3 90. Ke2 Ke4 91.
Bc7 Kf5 92. Bd6 Kg4 93. Bc5 Rc3 94. Bb6 Rc1 95. Ba7 Rh1 96. Bb6 Rh2 97. Kf1 Kf4 98. Bc7+ Kg4 99. Bb6 Rh6 100. Ba7 Rg6 101. Ke2 Kf4 102. Bb8+ Ke4 103. Bc7 Rg7 104. Bb8 Rg8 105. Bc7 Rc8 106. Bxg3 Rc2+ 107. Kf1 Ke3 108. Kg1 Ke2 109. Kh1 Kf1 110. Bb8 Rb2 111. Bc7 Rxg2 112. Bh2 Rg7 113. Be5 Rg1 114. Kh2 Rg5 115. Bd4 Rd5 116. Ba7 Rh5+ 117. Kg3 Ke2 118. Kf4 Rh4+ 119. Ke5 1/2-1/2

[Event "Pervenstvo PFO 2023_Y19_Rapid"]
[Site "Samara region, Russia"]
[Date "2023.11.11"]
[Round "8.5"]
[White "Tarasenko, Iaroslav"]
[Black "Yudin, Danil"]
[Result "1-0"]
[TimeControl "10:5"]
[WhiteFideId "44196008"]
[BlackFideId "44171986"]
[WhiteElo "2080"]
[BlackElo "1786"]

1. e4 e6 2. d4 d5 3. Nc3 dxe4 4. Nxe4 Nd7 5. Nf3 Ngf6 6. Nxf6+ Nxf6 7. g3 c5 8. Bg2 cxd4 9. Nxd4 Bc5 10. c3 e5 11. Qe2 Bxd4 12. cxd4 Qxd4 13. Qb5+ Bd7 14. Qxb7 O-O 15. O-O Rab8 16. Qf3 Bg4 17. Qa3 Be2 18. Re1 Bc4 19. h3 a6 20.
Rb1 Qd3 21. Qxd3 Bxd3 22. Ra1 e4 23.
b3 Rfe8 24. Bb2 Nd5 25. Rec1 Rec8 26. a3 f5 27. b4 a5 28. Be5 Rxc1+ 29. Rxc1 Re8 30. Bd6 Rd8 31. Bc5 axb4 32. axb4 Rb8 33. Ra1 Nxb4 34. Ra7 Nc6 35. Rc7 Rb1+ 36. Kh2 Bb5 37. g4 Rb2 38.
gxf5 1-0